 Dungeon Crawl Stone Soup version 0.30.1-3-gfc49f6343a (webtiles) character file.

Game seed: 671401341846630271

1616 Zeor the Covered (level 8, -1/64 (72) HPs)
             Began as an Armataur Fighter on July 19, 2023.
             Slain by a wight
             ... wielding a +0 flail
              (3 damage)
             ... on level 7 of the Dungeon.
             The game lasted 00:21:13 (4161 turns).

Zeor the Covered (Armataur Fighter)                 Turns: 4161, Time: 00:21:14

HP:   -1/64 (72)    AC: 16    Str: 23    XL:     8   Next: 64%
MP:   8/8           EV:  4    Int:  9    God:
Gold: 378           SH:  5    Dex: 10    Spells: 7/7 levels left

rFire   . . .        b - +2 hand axe (freeze)
rCold   . . .        c - +0 buckler
rNeg    . . .        o - +0 chain mail
rPois   .            (no helmet)
rElec   .            (no cloak)
rCorr   .            f - +0 pair of gloves
SInv    .            g - +0 barding
Will    +....        (no amulet) Stlth
                     n - +4 ring of slaying
HPRegen 0.30/turn    u - ring of willpower
MPRegen 0.11/turn

%: roll
@: mighty, lethally poisoned (-1 -> -6), heavily drained
A: large, rugged brown scales 3, deformed body, armoured tail, roll, long
tongue, awkward tongue
a: no special abilities


You were on level 7 of the Dungeon.
You visited 2 branches of the dungeon, and saw 8 of its levels.

You collected 378 gold pieces.

Inventory:

Hand Weapons
 a - a +1 heavy war axe
 b - a +2 hand axe of freezing (weapon)
Missiles
 p - 5 atropa-tipped darts (quivered)
 r - 17 poisoned darts
Armour
 c - a +0 buckler (worn)
 f - a +0 pair of gloves (worn)
 g - a +0 barding (worn)
 o - a +0 chain mail (worn)
Jewellery
 n - a +4 ring of slaying (left hand)
 u - a ring of willpower (right hand)
Scrolls
 e - 2 scrolls of teleportation
 l - 2 scrolls of immolation
 t - a scroll of fear
 v - a scroll of poison
Potions
 h - 2 potions of heal wounds
 i - 3 potions of curing
 j - 3 potions of invisibility
 k - 2 potions of flight {unknown}
 m - a potion of ambrosia {unknown}
 q - 2 potions of degeneration {unknown}
 s - a potion of mutation {unknown}
 w - a potion of brilliance {unknown}


   Skills:
 + Level 5.0 Fighting
 + Level 6.0 Axes
 + Level 7.1 Armour
 + Level 0.6 Dodging
 + Level 0.8 Stealth
 * Level 5.9 Shields


You had 7 spell levels left.
You didn't know any spells.
Your spell library contained the following spells:

 Spells                   Type           Power      Damage    Failure   Level
 Magic Dart               Conj           0%         1d3       94%         1
 Searing Ray              Conj           0%         2d4       98%         2
 Portal Projectile        Hex/Tloc       0%         N/A       100%        3
 Tukima's Dance           Hex            0%         N/A       100%        3
 Fulminant Prism          Conj/Hex       0%         3d5       100%        4
 Blade Hands              Tmut           0%         N/A       100%        5


Dungeon Overview and Level Annotations

Branches:
Dungeon (7/15)             Temple (1/1) D:4

Altars:
Ashenzari
Cheibriados
Dithmenos
Elyvilon
Fedhas
Gozag
Qazlal
Ru
Sif Muna
Trog
Wu Jian
Xom
Zin

Shops:
D:3 *


Innate Abilities, Weirdness & Mutations

You are completely covered in rugged brown scales. (AC +3, +7% HP)
Armour fits poorly on your strangely shaped body.
You have a long armoured tail.
You roll when moving toward enemies. (Rampage)
Your long tongue fully drains potion bottles. (2x potion effects)
Your tongue gives you trouble enunciating. (1.5x scroll delay)


Message History

You feel drained.
The wight hits you from afar with a +0 halberd of flaming.
The wight burns you.
The kobold brigand hits you but does no damage.
The wight hits you but does no damage.
The kobold brigand throws a poisoned dart.
The poisoned dart hits you!
You are poisoned.
Things that are here:
a +0 dagger; 7 poisoned darts You feel very mighty all of a sudden.
You slurp down every last drop of the potion of might!
You feel very sick. The wight hits you with a +0 scimitar.
The wight hits you from afar with a +0 halberd of flaming.
You feel drained. The wight burns you.
The kobold brigand throws a poisoned dart.
The poisoned dart hits you.
You are more poisoned.
You slash the wight! You tail-slap the wight.
You destroy the wight!
You slash the wight!
You feel very sick.
The wight hits you from afar with a +0 halberd of flaming!
You feel drained. The wight burns you. The wight hits you but does no damage.
Your Fighting skill increases to level 5!
You feel sick.
The wight hits you with a +0 halberd of flaming!
* * * LOW HITPOINT WARNING * * *
You feel drained.
* * * LOW HITPOINT WARNING * * *
The wight burns you.
* * * LOW HITPOINT WARNING * * *
You barely miss the wight. You tail-slap the wight.
The wight is moderately damaged.
You hit the wight.
You feel sick. The wight hits you but does no damage.
The wight hits you with a +0 flail!
* * * LOW HITPOINT WARNING * * *
You feel drained.
You die... ▒▒ ▒∙ ∙∙∙ ∙∙ ▒▒▒ ▒▒▒ ▒▒▒ [∙∙∙ ∙∙ ∙∙▒ ▒∙∙ ∙∙∙ ▒▒▒ ∙∙∙∙▒▒∙ ▒∙▒ ▒∙▒ ▒∙∙ ∙∙▒ ∙▒∙∙∙∙∙ ▒▒▒∙▒▒▒∙▒▒▒▒∙▒ ▒∙▒ ∙∙∙∙∙∙∙

▒∙∙∙∙∙∙∙∙ ∙∙∙▒ ▒∙▒
∙∙∙∙∙∙∙▒▒z▒∙▒▒▒∙▒
▒∙▒▒▒∙▒
▒)KzH∙∙▒▒▒∙▒▒▒▒∙∙∙∙∙∙
▒∙)z∙∙∙)))∙)))∙∙∙▒▒▒∙
▒▒▒▒∙∙▒▒▒)▒▒▒▒▒▒▒▒ ▒∙
▒∙∙▒ ▒∙▒ ▒∙ ▒▒∙▒ ▒∙▒
▒∙ ▒∙∙ ∙∙▒ ▒∙ ▒▒▒∙▒▒▒
▒∙ ∙▒ ▒∙ ∙ ▒▒


You could see a kobold brigand and 3 wights.

Vanquished Creatures
  Grinder (D:6)
  An ice beast (D:6)
  2 ogres
  A phantom (D:5)
  A kobold brigand (D:7)
  A bullfrog (D:6)
  2 scorpions
  A wight (D:7)
  3 jellies
  2 hounds
  2 orc priests
  3 iguanas
  9 orc wizards
  4 gnolls (D:6)
  9 adders
  2 white imps
  An ufetubus (D:4)
  2 worms
  2 dart slugs
  23 orcs
  7 ball pythons
  3 endoplasms
  3 giant cockroaches
  8 goblins
  6 hobgoblins
  6 jackals (D:3)
  19 kobolds
  6 quokkas
  7 bats
  2 frilled lizards
  8 rats
147 creatures vanquished.

Notes
Turn   | Place    | Note
-------+----------+-------------------------------------------
     0 | D:1      | Zeor the Armataur Fighter began the quest for the Orb.
     0 | D:1      | Reached XP level 1. HP: 19/19 MP: 1/1
   102 | D:1      | Reached XP level 2. HP: 26/26 MP: 2/2
   347 | D:1      | Reached skill level 4 in Armour
   352 | D:1      | Reached XP level 3. HP: 32/32 MP: 3/3
   607 | D:2      | Found a shimmering altar of Xom.
   811 | D:3      | Reached XP level 4. HP: 33/40 MP: 4/4
  1074 | D:3      | Found a broken altar of Ashenzari.
  1093 | D:3      | Found Ziblaoni's Assorted Antiques.
  1245 | D:3      | Found an ornate altar of the Wu Jian Council.
  1499 | D:4      | Reached XP level 5. HP: 34/48 MP: 5/5
  1577 | D:4      | Found a staircase to the Ecumenical Temple.
  1610 | Temple   | Entered the Ecumenical Temple
  1893 | D:4      | Reached XP level 6. HP: 37/54 MP: 6/6
  2395 | D:5      | Entered Level 5 of the Dungeon
  2408 | D:5      | Reached skill level 5 in Armour
  2531 | D:5      | Reached XP level 7. HP: 63/63 MP: 7/7
  2587 | D:5      | Found a sacrificial altar of Ru.
  3241 | D:6      | Reached skill level 6 in Armour
  3266 | D:6      | Reached skill level 5 in Axes
  3304 | D:6      | Reached skill level 5 in Shields
  3372 | D:6      | Reached XP level 8. HP: 70/71 MP: 8/8
  3629 | D:6      | Found a snail-covered altar of Cheibriados.
  3633 | D:6      | Noticed Grinder
  3655 | D:6      | Killed Grinder
  4122 | D:7      | Reached skill level 7 in Armour
  4160 | D:7      | Reached skill level 5 in Fighting
  4161 | D:7      | HP: 2/66 [wight/+0 flail (8)]
  4161 | D:7      | Slain by a wight

Illustrated notes

Levels and vault maps discovered:
D:1:      evilmike_arrival_home_sweet_home, layout_rooms
D:2:      layout_basic, basic_altar
D:3:      layout_rooms, nzn_wu_jian_contemplation, cheibrodos_ashenzari_chains,
          serial_shops, shop, minmay_misc_feat_square, chequers_decorated_corner
D:4:      layout_cave_pools, minmay_temple_entry_trees
D:5:      layout_cave_pools, nicolae_ru_great_annihilating_truth
D:6:      layout_loops_corners, mainiacjoe_overflow_six_doors_small,
          uniq_grinder
D:7:      layout_loops_cross, lightli_orcish_oven
Temple:   hellmonk_temple_forest_ring

Skill      XL: |  1  2  3  4  5  6  7  8 |
---------------+-------------------------+-----
Axes           | 2 3 4 5 6 |  6.0
Armour         | 4 5 6 7 |  7.1
Fighting       | 3 4 5 |  5.0
Shields        | 4 5 |  5.9
Dodging        | |  0.6
Stealth        | |  0.8

Action                     |  1- 3 |  4- 6 |  7- 9 || total
---------------------------+-------+-------+-------++-------
  Melee: War axe           |    81 |    52 |       ||   133
         Tailslap          |     6 |     9 |    15 ||    30
         Hand axe          |       |    34 |   126 ||   160
    Use: Scroll            |     6 |     8 |     1 ||    15
         Potion            |       |       |     2 ||     2
   Stab: Paralysed         |       |       |     1 ||     1
 Armour: Scale mail        |    54 |    33 |       ||    87
         Chain mail        |       |    14 |    66 ||    80
  Dodge: Dodged            |    38 |    22 |    11 ||    71
  Block: Buckler           |    25 |    13 |    13 ||    51
